 Dungeon Crawl Stone Soup version 0.19-a0-994-g3c636f0 (webtiles) character file.

26 4thArraOfDagon the Ruffian (level 2, 0/24 HPs)
             Began as a Troll Air Elementalist on July 17, 2016.
             Was an Initiate of the Shining One.
             Slain by a phantom (8 damage)
             ... on level 3 of the Dungeon.
             The game lasted 00:02:31 (455 turns).

4thArraOfDagon the Ruffian (Troll Air Elementalist)  Turns: 455, Time: 00:02:31

Health: 0/24       AC:  5    Str: 15    XL:     2   Next: 89%
Magic:  2/2        EV: 10    Int: 11    God:    the Shining One [......]
Gold:   64         SH:  0    Dex: 10    Spells: 1 memorised, 2 levels left

rFire  . . .     SeeInvis .       - Unarmed
rCold  . . .     Gourm    +     a - +0 robe
rNeg   . . .     Faith    .     (no shield)
rPois  .         Spirit   .     (helmet restricted)
rElec  .         Dismiss  .     (no cloak)
rCorr  .         Reflect  .     (gloves unavailable)
SustAt .         Harm     .     (boots unavailable)
MR     .....                    (no amulet)
Stlth  +.........               (no ring)
                                (no ring)

@: glowing, not resistant to hostile enchantments, very unstealthy
A: unfitting armour, claws 3, fast metabolism 3, gourmand, regeneration 2,
shaggy fur 1, tough skin 2
a: Renounce Religion


You were on level 3 of the Dungeon.
You worshipped the Shining One.
The Shining One was noncommittal.
You were very full.

You visited 1 branch of the dungeon, and saw 3 of its levels.

You collected 64 gold pieces.

Inventory:

Armour
 a - a +0 robe (worn)
Scrolls
 d - a scroll of remove curse {unknown}
 e - a scroll of fog {unknown}
 g - a scroll of amnesia {unknown}
Potions
 h - 2 potions of agility {unknown}
Books
 b - a book of Air

   Spells                             Type                      Level
   a - Shock                          Conjuration/Air              1
   b - Swiftness                      Charms/Air                   2
   c - Repel Missiles                 Charms/Air                   2
   d - Static Discharge               Conjuration/Air              3
   e - Lightning Bolt                 Conjuration/Air              5
Comestibles
 c - 4 bread rations
 f - a meat ration


   Skills:
 - Level 1.5 Dodging
 - Level 1.1 Stealth
 * Level 2.6 Unarmed Combat
 - Level 1.2 Spellcasting
 - Level 0.6 Conjurations
 - Level 2.0 Air Magic


You had 2 spell levels left.
You knew the following spells:

 Your Spells              Type           Power        Failure   Level  Hunger
a - Shock                 Conj/Air       #...         21%         1    ##.....


Dungeon Overview and Level Annotations

Branches:
Dungeon (3/15)

Altars:
Vehumet
The Shining One


Innate Abilities, Weirdness & Mutations

You are too large for most types of armour.
You have claws for hands.
Your metabolism is lightning-fast.
You like to eat raw meat.
You heal very quickly.
You are covered in fur. (AC +1)
You have very tough skin. (AC +2)


Message History

The phantom hits you but does no damage.
You scratch the phantom.
The phantom is severely damaged.
The phantom hits you.
* * * LOW HITPOINT WARNING * * *
The phantom blinks!
Unknown command.
You barely miss the phantom.
The phantom is severely damaged.
The phantom blinks!
You barely miss the phantom.
The phantom is severely damaged.
The phantom hits you.
The phantom blinks!
You scratch the phantom.
The phantom is severely damaged.
The phantom hits you.
You scratch the phantom.
The phantom is severely damaged.
The phantom hits you!
You die...

.. #.#.####.###.####
#. #.#.####.# #...<#
#.# #.....##.####.###
#..##.....#..........
#.........#..#..#...#
#...#.....#..#.###.##
#.#.#.#####..#†.#...#
# #...# #......._.)
##@.# #.##..#...#
#W># #....###.## ##.#
###...#...# #.....#
#........ #####.#
#.......# #########


You could see a phantom.

Vanquished Creatures
  A dart slug (D:2)
  An orc (D:3)
  3 bats
  A giant cockroach (D:2)
  6 hobgoblins
  5 giant newts
  2 goblins
  A kobold (D:2)
  2 rats
22 creatures vanquished.

Notes
Turn   | Place    | Note
-------+----------+-------------------------------------------
     0 | D:1      | 4thArraOfDagon the Troll Air Elementalist began the quest for the Orb.
     0 | D:1      | Reached XP level 1. HP: 16/16 MP: 1/1
    36 | D:1      | Reached skill level 1 in Unarmed Combat
   111 | D:2      | Reached XP level 2. HP: 24/24 MP: 2/2
   124 | D:2      | Found a glowing golden altar of the Shining One.
   140 | D:2      | Became a worshipper of the Shining One
   274 | D:3      | Found a radiant altar of Vehumet.
   366 | D:3      | Noticed a phantom
   455 | D:3      | Slain by a phantom

Vault maps used:
D:1:      dpeg_arrival_long_road, minmay_misc_feat_alley
D:2:      lemuel_coloured_pillars_altar, lemuel_doored_altar,
          serial_bayou_pond_a, kennysheep_generic_room_14
D:3:      vehumet_crystals, old_standard_altar

Skill      XL: |  1  2 |
---------------+-------+-----
Unarmed Combat | 1 2 |  2.6
Dodging        | |  1.5
Stealth        | |  1.1
Spellcasting   | |  1.2
Conjurations   | |  0.6
Air Magic      | |  2.0

Action                   || total
-------------------------++-------
Melee: Unarmed           ||    84
  Use: Potion            ||     2
  Eat: Chunk             ||     8
Armor: Robe              ||    25
Dodge: Dodged            ||    37
